 Dungeon Crawl Stone Soup version 0.29-a0-283-ga02f740833 (webtiles) character file.

Game seed: 1644930338839553673

234 Ajdolov the Chiller (level 6, 0/49 HPs)
             Began as a Naga Ice Elementalist on Mar 13, 2022.
             Slain by a phantom (5 damage)
             ... on level 4 of the Dungeon.
             The game lasted 00:05:29 (3904 turns).

Ajdolov the Chiller (Naga Ice Elementalist)         Turns: 3904, Time: 00:05:29

Health: 0/49       AC:  4    Str: 10    XL:     6   Next: 5%
Magic:  9/9        EV: 10    Int: 18    God:
Gold:   168        SH:  0    Dex: 13    Spells: 5/9 levels left

rFire   . . .      SeeInvis +   p - +2 dagger (drain)
rCold   . . .      Faith    .   (no shield)
rNeg    . . .      Spirit   .   a - +0 robe
rPois   +          Reflect  .   q - +0 helmet
rElec   .          Harm     .   (no cloak)
rCorr   .          Rampage  .   (no gloves)
Will    .....                   (no barding)
Stlth   +++.......              (no amulet)
HPRegen 0.16/turn               (no ring)
MPRegen 0.11/turn               (no ring)

@: flying, hasted, quick
A: AC +2, large, see invisible, deformed body, poison resistance, slowness 2,
spit poison 1, naga tail 1, agile 1, no potion heal 1
a: Spit Poison


You were on level 4 of the Dungeon.
You visited 1 branch of the dungeon, and saw 4 of its levels.

You collected 168 gold pieces.

Inventory:

Hand Weapons
 p - a +2 dagger of draining (weapon)
Armour
 a - a +0 robe (worn)
 q - a +0 helmet (worn)
Jewellery
 e - a ring of protection from fire
 r - an amulet of the acrobat
Wands
 s - a wand of flame (23)
Scrolls
 f - a scroll of torment {unknown}
 i - 2 scrolls of teleportation {unknown}
 j - 3 scrolls of enchant armour {unknown}
 k - a scroll of fog {unknown}
 l - a scroll of blinking {unknown}
 m - a scroll of amnesia {unknown}
Potions
 b - a potion of magic
 c - a potion of lignification {unknown}
 d - a potion of mutation
 g - a potion of haste
 h - a potion of berserk rage {unknown}
 n - a potion of attraction {unknown}
 o - 2 potions of flight


   Skills:
 - Level 1.5 Dodging
 + Level 6.0 Stealth
 - Level 2.0 Spellcasting
 * Level 6.2 Ice Magic


You had 5 spell levels left.
You knew the following spells:

 Your Spells              Type           Power      Damage    Failure   Level
a - Freeze                Ice            96%        1d11      1%          1
b - Frozen Ramparts       Ice            48%        1d6       4%          3

Your spell library contained the following spells:

 Spells                   Type           Power      Damage    Failure   Level
 Ozocubu's Armour         Ice            24%        N/A       4%          3
 Apportation              Tloc           2%         N/A       19%         1
 Searing Ray              Conj           2%         2d4       26%         2
 Static Discharge         Conj/Air       1%         N/A       26%         2
 Hailstorm                Conj/Ice       13%        3d5       45%         4
 Gell's Gravitas          Tloc           1%         N/A       47%         3
 Lesser Beckoning         Tloc           1%         N/A       47%         3
 Teleport Other           Tloc           1%         N/A       47%         3
 Alistair's Intoxication  Tmut/Pois      0%         N/A       99%         5
 Fireball                 Conj/Fire      0%         3d3       99%         5
 Lightning Bolt           Conj/Air       0%         1d11      99%         5
 Starburst                Conj/Fire      0%         6d3       100%        6


Dungeon Overview and Level Annotations

Branches:
Dungeon (4/15)
 Temple: D:4-7

Altars:
Dithmenos
Kikubaaqudgha
Zin

Annotations:
D:3 Grinder


Innate Abilities, Weirdness & Mutations

Your serpentine skin is tough. (AC +2)
You have supernaturally acute eyesight. (SInv)
Armour fits poorly on your strangely shaped body.
Your system is resistant to poisons. (rPois)
You cover ground very slowly.
You can spit poison.
You have a snake-like lower body.
You are agile. (Dex +2)
Potions are less effective at restoring your health.


Message History

You barely miss the phantom.
The phantom is heavily damaged.
The phantom hits you.
You closely miss the phantom.
The phantom is heavily damaged.
The phantom barely misses you.
You hit the phantom.
The phantom is heavily damaged.
The phantom hits you but does no damage.
You miss the phantom.
The phantom is heavily damaged.
The phantom hits you.
* * * LOW HITPOINT WARNING * * *
You barely miss the phantom. You punch the phantom.
The phantom is severely damaged.
The phantom hits you but does no damage.
You hit the phantom but do no damage.
The phantom is severely damaged.
The phantom hits you!
* * * LOW HITPOINT WARNING * * *
It was a potion of haste.
You feel yourself speed up. The phantom closely misses you.
It was a potion of flight.
You feel very buoyant.
You fly up into the air.
The phantom hits you.
* * * LOW HITPOINT WARNING * * *
The phantom blinks!
You blink.
It was a potion of mutation.
You feel extremely strange.
You feel agile.
Your system partially rejects the healing effects of potions.
Okay, then.
The phantom attacks as you move away!
The phantom hits you but does no damage.
The phantom attacks as you move away!
The phantom hits you but does no damage.
Found a scroll labelled VOSEYBB HYAN.
You hit the phantom.
The phantom is severely damaged.
The phantom hits you.
You die...

# .
#..###.....#.#
.. # ##....#.#
.. #....# # ...
# ##..## #.##
## #.## #.#.
.####.##
#...#... ...
#...?.# ##.#
#@#####.#######
#.W............
######.♣♣♣♣♣♣..
#.♣ #.♣ #.♣ #..
#.. #..


You could see a phantom.

Vanquished Creatures
  Blork the orc (D:4)
  A hound (D:2)
  Jessica (D:3)
  An iguana (D:3)
  Robin (D:3)
  An ufetubus (D:4)
  A worm (D:2)
  7 dart slugs
  2 endoplasms
  A giant cockroach (D:3)
  17 goblins
  3 hobgoblins
  4 ball pythons (D:1)
  7 bats
  2 frilled lizards (D:3)
  6 kobolds
  4 rats
60 creatures vanquished.

Notes
Turn   | Place    | Note
-------+----------+-------------------------------------------
     0 | D:1      | Ajdolov the Naga Ice Elementalist began the quest for the
                  | Orb.
     0 | D:1      | Reached XP level 1. HP: 15/15 MP: 3/3
   278 | D:1      | Got Sif Muna's Catalogue of Feathers and Attacks
   435 | D:1      | Reached XP level 2. HP: 16/22 MP: 5/5
  1062 | D:1      | Found a faded altar of an unknown god.
  1318 | D:2      | Reached XP level 3. HP: 4/28 MP: 1/6
  1636 | D:2      | Reached skill level 5 in Ice Magic
  1859 | D:2      | Reached XP level 4. HP: 36/36 MP: 4/7
  1889 | D:2      | Learned a level 3 spell: Frozen Ramparts
  2867 | D:3      | Noticed Grinder
  3147 | D:3      | Noticed Robin
  3152 | D:3      | Killed Robin
  3153 | D:3      | Reached skill level 5 in Stealth
  3153 | D:3      | Reached XP level 5. HP: 41/42 MP: 2/8
  3163 | D:3      | Noticed Jessica
  3175 | D:3      | Killed Jessica
  3624 | D:4      | Noticed Blork the orc
  3631 | D:4      | Killed Blork the orc
  3632 | D:4      | Reached XP level 6. HP: 47/49 MP: 3/9
  3756 | D:4      | Found a glowing silver altar of Zin.
  3827 | D:4      | Found an ancient bone altar of Kikubaaqudgha.
  3831 | D:4      | Found a shadowy altar of Dithmenos.
  3897 | D:4      | Gained mutation: You are agile. (Dex +2) [potion of
                  | mutation]
  3897 | D:4      | Gained mutation: Potions are less effective at restoring
                  | your health. [potion of mutation]
  3904 | D:4      | Slain by a phantom

Illustrated notes

Levels and vault maps discovered:
D:1:      dpeg_arrival_pits, layout_basic, ebering_ecumenical_altar_hall
D:2:      layout_loops_ring
D:3:      layout_loops_ring, uniq_grinder, uniq_jessica, uniq_robin
D:4:      layout_loops_ring, minitemple, serial_co_window_serial,
          co_window_of_opportunity_a, co_window_corner_a,
          co_window_of_opportunity_a, co_window_of_opportunity_a,
          co_window_corner_a, co_window_paths_b, co_window_cross_1,
          co_window_broadway_b, co_window_paths_c, co_window_unsneaky_path_a,
          co_window_paths_d, glass_columns_c, glass_columns_c, glass_columns_c,
          nrook_campfire, chequers_serial_rivers_small_b,
          kennysheep_generic_room_8, uniq_blork_the_orc

Skill      XL: |  1  2  3  4  5  6 |
---------------+-------------------+-----
Stealth        | 4 5 6 |  6.0
Ice Magic      | 5 6 |  6.2
Dodging        | |  1.5
Spellcasting   | |  2.0

Action                   |  1- 3 |  4- 6 || total
-------------------------+-------+-------++-------
Melee: Short sword       |    11 |    12 ||    23
       Unarmed           |     1 |       ||     1
       Dagger            |       |    54 ||    54
       Punch             |       |     2 ||     2
 Cast: Freeze            |    27 |    11 ||    38
       Frozen Ramparts   |       |     7 ||     7
 Abil: Spit Poison       |     3 |     4 ||     7
  Use: Potion            |       |     3 ||     3
 Stab: Sleeping          |     7 |     4 ||    11
Armor: Robe              |    10 |    28 ||    38
Dodge: Dodged            |    13 |    29 ||    42

Table legend: (Time is in decaauts)
 A = Elapsed time spent in this place.
 B = Non-inter-level travel time spent in this place.
 C = Inter-level travel time spent in this place.
 D = Time resting spent in this place.
 E = Time spent auto-exploring this place.
 F = Levels seen in this place.
 G = Mean time per level.
                   A        B        C        D        E       F      G
               +--------+--------+--------+--------+--------+-----+--------+
         Total |   4798 |   4600 |    198 |    439 |   3578 |   4 | 1199.5 |
       Dungeon |   4798 |   4600 |    198 |    439 |   3578 |   4 | 1199.5 |
               +--------+--------+--------+--------+--------+-----+--------+

Top non-repeatable levels by time:
     D:3: 1774 daAuts
     D:1: 1581 daAuts
     D:2: 1100 daAuts
     D:4: 341 daAuts
